 Dungeon Crawl Stone Soup version 0.27-a0-522-g46bbb28828 (webtiles) character file.

Game seed: 4344768072756536022

107 Frqise the Insei (level 4, 0/28 HPs)
             Began as an Octopode Transmuter on Mar 5, 2021.
             Slain by an orc wizard
             ... wielding a +2 dagger of freezing
              (3 damage)
             ... on level 3 of the Dungeon.
             The game lasted 00:07:15 (3325 turns).

Frqise the Insei (Octopode Transmuter)              Turns: 3325, Time: 00:07:16

Health: 0/28       AC:  1    Str:  9    XL:     4   Next: 85%
Magic:  8/8        EV: 13    Int: 16    God:
Gold:   96         SH:  0    Dex: 12    Spells: 5/8 levels left

rFire    . . .     SeeInvis .     - Unarmed
rCold    . . .     Faith    .   (no shield)
rNeg     . . .     Spirit   .   (helmet restricted)
rPois    +         Reflect  .   (no amulet)
rElec    .         Harm     .   m - ring of poison resistance
rCorr    .         Rampage  .   (no ring)
Will     .....                  (no ring)
Stlth    +++.......             (no ring)
HPRegen  0.09/turn              (no ring)
MPRegen  0.11/turn              (no ring)
                                (no ring)
                                (no ring)

@: no status effects
A: almost no armour, amphibious, 8 rings, constrict 8, camouflage 1, gelatinous
body 1, nimble swimmer 1
a: no special abilities


You were on level 3 of the Dungeon.
You visited 1 branch of the dungeon, and saw 3 of its levels.

You collected 96 gold pieces.

Inventory:

Jewellery
 m - a ring of poison resistance (left tentacle)
Scrolls
 a - 4 scrolls of teleportation {unknown}
 b - a scroll of fog {unknown}
 c - 2 scrolls of enchant armour {unknown}
 d - a scroll of magic mapping {unknown}
 e - 2 scrolls of identify {unknown}
 g - a scroll of blinking {unknown}
 h - a scroll of fear {unknown}
 j - a scroll of immolation {unknown}
 k - a scroll of random uselessness {unknown}
Potions
 f - a potion of lignification {unknown}
 i - a potion of attraction {unknown}
 l - a potion of heal wounds {unknown}


   Skills:
 + Level 1.0 Fighting
 + Level 2.1 Dodging
 + Level 2.2 Stealth
 + Level 4.4 Unarmed Combat
 + Level 2.7 Spellcasting
 + Level 2.0 Transmutations


You had 5 spell levels left.
You knew the following spells:

 Your Spells              Type           Power        Failure   Level
a - Beastly Appendage     Tmut           16%          9%          1
b - Wereblood             Tmut           8%           13%         2

Your spell library contained the following spells:

 Spells                   Type           Power        Failure   Level
 Spider Form              Tmut/Pois      2%           36%         3
 Ice Form                 Ice/Tmut       5%           77%         4
 Blade Hands              Tmut           4%           93%         5


Dungeon Overview and Level Annotations

Branches:
Dungeon (3/15)

Altars:
Cheibriados
Uskayaw
Yredelemnul


Innate Abilities, Weirdness & Mutations

You cannot wear most types of armour.
You are amphibious.
You can wear up to eight rings at the same time.
You can use your tentacles to constrict eight enemies at once.
Your skin changes colour to match your surroundings (Stealth+).
Your rubbery body absorbs attacks. (AC +1, EV +1)
You are stealthy while swimming. (Stealth+)


Message History

An orc is nearby!
The orc barely misses you.
You closely miss the orc. You grab the orc. You constrict the orc.
The orc wizard shouts!
The orc shouts!
You tentacle-slap the orc.
The orc is severely wounded.
You constrict the orc, but do no damage.
The orc hits you with a +0 hand axe.
You tentacle-slap the orc.
You kill the orc!
You tentacle-slap the orc. You grab the orc.
The orc is almost dead.
You constrict the orc, but do no damage.
The orc barely misses you.
The orc wizard casts a spell at itself.
The orc wizard flickers and vanishes!
Deactivating autopickup; reactivate with Ctrl-A.
You tentacle-slap the orc but do no damage.
You squeeze the orc.
You kill the orc!
Things that are here:
a +0 scale mail; a +0 hand axe; an orc corpse Something hits you.
Something freezes you.
Things that are here:
a +0 scale mail; a +0 hand axe; an orc corpse Autopickup is now on.
Things that are here:
a +0 leather armour; an orc corpse Deactivating autopickup; reactivate with Ctrl-A.
You tentacle-slap something but do no damage.
You squeeze something. Something hits you. Something freezes you.
You tentacle-slap something. Something hits you. Something freezes you.
You barely miss something.
You hear some strange, mumbled words.
A puff of flame appears from out of thin air!
The puff of flame hits you!
* * * LOW HITPOINT WARNING * * *
You miss something.
Your tentacle-slap misses something.
Something hits you.
You die...

#.........##....##
#.#
####.##...##.....#
#.# #.###.###..>.##
#.# #.#
#........#########.#
#.#
#####.#............#
#.# #.#.############
#.#######.#.#
#.........#.#
###########@# #{#
#######.# #.......#
#####
#.####.[#.....#
..............#
...###......... #
#.........#
##........#


There were no monsters in sight!

Vanquished Creatures
  2 adders (D:2)
  An ooze (D:1)
  4 worms
  2 dart slugs (D:1)
  7 orcs (D:3)
  A ball python (D:1)
  2 giant cockroaches
  6 goblins
  9 hobgoblins
  9 kobolds
  8 bats
  5 frilled lizards
  7 rats
63 creatures vanquished.

Vanquished Creatures (others)
  4 plants (D:2)
4 creatures vanquished.

Grand Total: 67 creatures vanquished

Notes
Turn   | Place    | Note
-------+----------+-------------------------------------------
     0 | D:1      | Frqise the Octopode Transmuter began the quest for the Orb.
     0 | D:1      | Reached XP level 1. HP: 13/13 MP: 3/3
   244 | D:1      | Reached XP level 2. HP: 15/18 MP: 5/5
   247 | D:1      | Learned a level 2 spell: Wereblood
   857 | D:1      | Reached XP level 3. HP: 23/23 MP: 6/6
  1536 | D:2      | Found a basalt altar of Yredelemnul.
  1638 | D:2      | Found a faded altar of an unknown god.
  1866 | D:2      | Found a hide-covered altar of Uskayaw.
  2003 | D:2      | Reached skill level 4 in Unarmed Combat
  2052 | D:2      | Reached XP level 4. HP: 27/28 MP: 8/8
  2096 | D:2      | Reached skill level 1 in Stealth
  2737 | D:2      | Found a snail-covered altar of Cheibriados.
  3325 | D:3      | Slain by an orc wizard

Illustrated notes

Levels and vault maps discovered:
D:1:      dpeg_arrival_short_road, layout_basic
D:2:      layout_basic, eat_drink_and_be_merry_uskayaw,
          nicolae_overflow_hidden_temple, lemuel_doored_altar,
          chequers_ecumenical_altar_lobes, minmay_distorted
D:3:      layout_loops_corners, ashenzari_conservatory_becter, serial_glass,
          glass_columns_a, glass_columns_c, glass_columns_b, glass_columns_a,
          lemuel_tele_altar

Skill      XL: |  1  2  3  4 |
---------------+-------------+-----
Unarmed Combat | 4 |  4.4
Stealth        | 2 |  2.2
Fighting       | |  1.0
Dodging        | |  2.1
Spellcasting   | |  2.7
Transmutations | |  2.0

Action                   |  1- 3 |  4- 6 || total
-------------------------+-------+-------++-------
Melee: Hand axe          |     9 |       ||     9
       Constrict         |    26 |    16 ||    42
       Tentacles         |    14 |    10 ||    24
       Unarmed           |    82 |    71 ||   153
       Punch             |     1 |       ||     1
 Stab: Sleeping          |     7 |     4 ||    11
Armor: Skin              |     8 |     6 ||    14
Dodge: Dodged            |    73 |    28 ||   101

Table legend: (Time is in decaauts)
 A = Elapsed time spent in this place.
 B = Non-inter-level travel time spent in this place.
 C = Inter-level travel time spent in this place.
 D = Time resting spent in this place.
 E = Time spent auto-exploring this place.
 F = Levels seen in this place.
 G = Mean time per level.
                   A        B        C        D        E       F      G
               +--------+--------+--------+--------+--------+-----+--------+
         Total |   3316 |   3316 |      0 |    956 |   1514 |   3 | 1105.3 |
       Dungeon |   3316 |   3316 |      0 |    956 |   1514 |   3 | 1105.3 |
               +--------+--------+--------+--------+--------+-----+--------+

Top non-repeatable levels by time:
     D:2: 1807 daAuts
     D:1: 1162 daAuts
     D:3: 347 daAuts
